 Dungeon Crawl Stone Soup version 0.18.1-8-gdd0e5ea (webtiles) character file.

6855 Hipnos the Arsonist (level 11, -7/68 (71) HPs)
             Began as an Octopode Fire Elementalist on May 21, 2016.
             Was a Priest of Sif Muna.
             Mangled by an orc warlord
             ... wielding a +0 war axe
              (37 damage)
             ... in a bailey.
             The game lasted 00:47:08 (14158 turns).

Hipnos the Arsonist (Octopode Fire Elementalist)   Turns: 14158, Time: 00:47:09

HP:   -7/68 (71)    AC:  1    Str:  6    XL:     11   Next: 6%
MP:   12/20         EV: 19    Int: 20    God:    Sif Muna [***...]
Gold: 523           SH:  6    Dex: 15    Spells: 5 memorised, 7 levels left

rFire  . . .     SeeInvis .     t - +1 short sword (freeze)
rCold  . . .     Gourm    .     h - +0 buckler
rNeg   . . .     Faith    .     (helmet restricted)
rPois  .         Spirit   .     (no amulet)
rElec  .         Dismiss  .     d - +3 ring of evasion
rCorr  .         Reflect  .     (no ring)
SustAt .         Harm     .     (no ring)
MR     .....                    (no ring)
Stlth  +++.......               (no ring)
                                (no ring)
                                (no ring)
                                (no ring)

@: about to teleport, not resistant to hostile enchantments, fairly stealthy
A: almost no armour, amphibious, 8 rings, constrict 8, camouflage 1, agile 1,
weak 1, gelatinous body 1
a: Channel Energy, Renounce Religion


You were in a bailey.
You worshipped Sif Muna.
Sif Muna was most pleased with you.
You were not hungry.

You visited 2 branches of the dungeon, and saw 11 of its levels.
You also visited: Bailey.

You collected 523 gold pieces.

Inventory:

Hand Weapons
 f - a +0 hand axe of draining
 t - a +1 short sword of freezing (weapon)
 u - a +1 mace of protection
 y - a +3 mace
 M - a +3 vampiric dagger
 O - a cursed +0 hand axe
Armour
 h - a +0 buckler (worn)
Jewellery
 d - a +3 ring of evasion (left tentacle)
Wands
 k - a wand of lightning (4/15)
 w - a wand of iceblast (0/15)
 B - a wand of lightning (5/15)
 C - a wand of disintegration (6/24)
 G - a wand of iceblast (8/15)
 H - a wand of random effects (28/48)
 J - a wand of random effects (22/48)
 K - a wand of confusion (20/48)
Scrolls
 e - 3 scrolls of enchant weapon
 g - a scroll of teleportation
 i - 2 scrolls of recharging {unknown}
 m - 2 scrolls of immolation
 p - a scroll of amnesia {unknown}
 r - 2 scrolls of remove curse
 A - 2 scrolls of random uselessness {unknown}
 D - a scroll of summoning {unknown}
 F - a scroll of magic mapping
 L - 6 scrolls of identify
Potions
 c - a potion of haste
 l - a potion of degeneration
 n - a potion of curing
 o - 2 potions of cure mutation
 q - a potion of resistance
 s - 2 potions of brilliance
 E - 2 potions of flight
 I - 2 potions of magic
Books
 a - a book of Flames

   Spells                             Type                      Level
   a - Flame Tongue                   Conjuration/Fire             1
   b - Throw Flame                    Conjuration/Fire             2
   c - Conjure Flame                  Conjuration/Fire             3
   d - Inner Flame                    Hexes/Fire                   3
   e - Sticky Flame                   Conjuration/Fire             4
   f - Fireball                       Conjuration/Fire             5
 x - a book of Battle

   Spells                             Type                      Level
   a - Infusion                       Charms                       1
   b - Shroud of Golubria             Charms/Translocation         2
   c - Song of Slaying                Charms                       2
   d - Spectral Weapon                Hexes/Charms                 3
   e - Regeneration                   Charms/Necromancy            3
Comestibles
 b - 13 bread rations
 j - 7 beef jerkies
 v - a royal jelly
 z - 7 meat rations


   Skills:
 + Level 5.1 Fighting
 + Level 7.5 Dodging
 - Level 2.6 Stealth
 * Level 6.9 Shields
 + Level 6.2 Spellcasting
 + Level 5.8 Conjurations
 * Level 9.0 Fire Magic


You had 7 spell levels left.
You knew the following spells:

 Your Spells              Type           Power        Failure   Level  Hunger
a - Flame Tongue          Conj/Fire      #####        1%          1    None
b - Throw Flame           Conj/Fire      #####.       1%          2    None
c - Conjure Flame         Conj/Fire      #####...     1%          3    ##.....
d - Sticky Flame          Conj/Fire      #####...     8%          4    ####...
e - Fireball              Conj/Fire      #####.....   17%         5    #####..


Dungeon Overview and Level Annotations

Branches:
Dungeon (10/15)            Temple (1/1) D:4
   Lair: D:8-11         Orc: D:9-12

Altars:
Ashenzari
Cheibriados
Dithmenos
Elyvilon
Fedhas
Gozag
Makhleb
Nemelex Xobeh
Okawaru
Pakellas
Qazlal
Ru
Sif Muna
Trog
Vehumet
Xom
Yredelemnul
Zin
The Shining One

Shops:
D:4 (   D:7 (


Innate Abilities, Weirdness & Mutations

You cannot wear most types of armour.
You are amphibious.
You can wear up to eight rings at the same time.
You can use your tentacles to constrict eight enemies at once.
Your skin changes colour to match your surroundings (Stealth).
Your rubbery body absorbs attacks (AC +1).
You are agile. (Dex +2)
You are weak. (Str -2)


Message History

Okay, then.
You release your grip on the orc warlord.
The orc warlord burns!
The orc warlord burns!
The orc warlord burns!
The orc warlord stops burning.
Things that are here:
a war axe; a scale mail; an orc skeleton An orc comes into view.
It is wielding a hand axe.
There is an open door here.
The orc shouts!
Things that are here:
a hand axe; a leather armour The orc warlord roars a battlecry!
The orc goes into a battle-frenzy!
Read which item? (? for menu, Esc to quit)
As you read the scroll of teleportation, it crumbles to dust.
You feel strangely unstable.
The orc warlord hits you with a war axe!!!
Ouch! That really hurt!
You die...

.)#.....⌠.....#
..#....o......#
..#......o....#
.###......gg)### ♣♣♣♣♣
## ###.....#'#.###
♣♣♣...♣♣
###.###.g...###♣♣......♣
###....g....##......♣♣
#...[))o....#.......♣♣
#.....o)@...)........♣
#....)⌠...))'.)∩.∩..♣♣
#....)..)).)'..)....♣
#.......)...#.......♣
###....)....##......♣♣
###.###.))..###♣♣♣....♣
#.....#'#.### ♣♣..♣♣
........### ♣♣♣♣
.........#


You could see an orc warlord, an orc warrior, 2 gnolls, an orc and 2 goblins.

Vanquished Creatures
  Erolcha (D:9)
  Pikel (D:6)
  An orc knight (Bailey)
  Joseph (D:7)
  A gargoyle (D:9)
  Eustachio (D:6)
  Prince Ribbit (D:9)
  Grinder (D:4)
  2 wyverns
  2 hungry ghosts
  Menkaure (D:7)
  The ghost of herpmino the Chopper, an amateur VSGl (D:3)
  2 sky beasts (D:6)
  4 orc warriors
  A slave (D:6)
  6 ogres
  2 necrophages
  A phantom (D:6)
  4 centaurs
  2 scorpions (D:7)
  7 killer bees
  3 crimson imps
  A centaur zombie (D:9)
  A centaur skeleton (D:3)
  2 giant frog skeletons
  4 orc priests
  Crazy Yiuf (D:6)
  5 hounds
  A jelly (D:6)
  5 iguanas
  4 orc wizards
  7 worker ants
  A hound zombie (D:8)
  10 gnolls
  11 adders
  2 shadow imps
  2 oozes (D:5)
  2 adder zombies
  2 adder skeletons (D:9)
  2 worms (D:3)
  A dart slug (D:5)
  5 giant geckos
  36 orcs
  2 ball pythons
  5 bats
  7 giant cockroaches
  20 goblins
  13 hobgoblins
  11 jackals
  7 kobolds
  5 quokkas
  A ball python skeleton (D:4)
  A ball python zombie (D:6)
  A giant gecko skeleton (D:5)
  9 giant newts
  12 rats
245 creatures vanquished.

Vanquished Creatures (others)
  3 slaves (D:6)
  A crimson imp (D:6)
  A shadow imp (D:6)
  An adder zombie (D:6)
  A giant gecko (D:6)
  2 orcs (D:6)
  A jackal skeleton (D:6)
10 creatures vanquished.

Grand Total: 255 creatures vanquished

Notes
Turn   | Place    | Note
--------------------------------------------------------------
     0 | D:1      | Hipnos the Octopode Fire Elementalist began the quest for the Orb.
     0 | D:1      | Reached XP level 1. HP: 11/11 MP: 3/3
   262 | D:1      | Reached XP level 2. HP: 9/17 MP: 0/5
   266 | D:1      | Learned a level 2 spell: Throw Flame
   832 | D:1      | Reached XP level 3. HP: 20/21 MP: 6/6
  1410 | D:2      | Learned a level 3 spell: Conjure Flame
  2568 | D:3      | Reached skill level 1 in Fighting
  2568 | D:3      | Reached skill level 1 in Shields
  2568 | D:3      | Reached skill level 4 in Fire Magic
  2568 | D:3      | Reached XP level 4. HP: 22/28 MP: 7/7
  2780 | D:3      | Reached XP level 5. HP: 32/34 MP: 8/8
  3168 | D:3      | Found a stormy altar of Qazlal.
  3601 | D:3      | Noticed herpmino's ghost (amateur VSGl)
  3631 | D:3      | Killed herpmino's ghost
  3631 | D:3      | Reached XP level 6. HP: 39/39 MP: 3/9
  3771 | D:4      | Found a staircase to the Ecumenical Temple.
  3776 | Temple   | Entered the Ecumenical Temple
  4057 | Temple   | Became a worshipper of Sif Muna the Loreminder
  4190 | D:4      | Found Ixeesch's Antique Weapon Boutique.
  4368 | D:4      | Noticed Grinder
  4376 | D:4      | Killed Grinder
  4376 | D:4      | Reached XP level 7. HP: 25/45 MP: 6/11
  4623 | D:5      | Entered Level 5 of the Dungeon
  4723 | D:5      | Found a glowing silver altar of Zin.
  5022 | D:5      | Reached skill level 5 in Fire Magic
  5612 | D:5      | Reached XP level 8. HP: 31/52 MP: 3/12
  6008 | D:5      | Reached * piety under Sif Muna
  6008 | D:5      | Reached skill level 5 in Dodging
  6203 | D:6      | Found an oddly glowing altar of Pakellas.
  6210 | D:6      | Learned a level 4 spell: Sticky Flame
  6243 | D:6      | Noticed Pikel
  6277 | D:6      | Killed Pikel
  6556 | D:6      | Reached skill level 6 in Fire Magic
  6847 | D:6      | Reached XP level 9. HP: 19/58 MP: 10/15
  7068 | D:6      | Found a shadowy altar of Dithmenos.
  7162 | D:6      | Gained mutation: You are weak. (Str -2) [mutagenic meat]
  7163 | D:6      | Gained mutation: You are agile. (Dex +2) [mutagenic meat]
  7748 | D:6      | Noticed Eustachio
  7753 | D:6      | Killed Eustachio
  7836 | D:6      | Noticed Crazy Yiuf
  7841 | D:6      | Killed Crazy Yiuf
  7969 | D:6      | Reached ** piety under Sif Muna
  8313 | D:6      | Reached skill level 5 in Shields
  8607 | D:7      | Reached skill level 7 in Fire Magic
  8626 | D:7      | Found a shattered altar of Ashenzari.
  8626 | D:7      | Found a basalt altar of Yredelemnul.
  8627 | D:7      | Found a sparkling altar of Nemelex Xobeh.
  8631 | D:7      | Found a glowing golden altar of the Shining One.
  8933 | D:7      | Noticed Menkaure
  9185 | D:7      | Killed Menkaure
  9195 | D:7      | Found a sacrificial altar of Ru.
  9198 | D:7      | Reached skill level 5 in Spellcasting
  9264 | D:7      | Found Xihol's Antique Weapon Shop.
  9477 | D:7      | Reached XP level 10. HP: 65/65 MP: 8/17
 10016 | D:8      | Noticed Joseph
 10044 | D:7      | Killed Joseph
 10709 | D:8      | Reached *** piety under Sif Muna
 10758 | D:8      | Reached skill level 8 in Fire Magic
 11402 | D:8      | Found a snail-covered altar of Cheibriados.
 11600 | D:9      | Noticed Erolcha
 11609 | D:9      | Killed Erolcha
 11609 | D:9      | Reached skill level 5 in Fighting
 11609 | D:9      | Reached skill level 5 in Conjurations
 11630 | D:9      | Noticed a gargoyle
 11778 | D:9      | Learned a level 5 spell: Fireball
 11780 | D:9      | Found a shimmering altar of Xom.
 12068 | D:9      | Noticed Prince Ribbit
 12166 | D:9      | Killed Prince Ribbit
 12193 | D:9      | Killed a gargoyle
 12751 | D:10     | Entered Level 10 of the Dungeon
 12769 | D:10     | Found a flagged portal.
 12778 | Bailey   | Entered a bailey
 13506 | Bailey   | Noticed an orc knight
 13542 | Bailey   | Killed an orc knight
 13542 | Bailey   | Reached XP level 11. HP: 11/68 MP: 5/20
 13654 | Bailey   | Reached skill level 9 in Fire Magic
 13800 | Bailey   | Reached **** piety under Sif Muna
 14112 | Bailey   | Noticed an orc knight
 14120 | Bailey   | Noticed an orc warlord
 14121 | Bailey   | Noticed an orc knight
 14158 | Bailey   | Mangled by an orc warlord

Skill      XL: |  1  2  3  4  5  6  7  8  9 10 11 |
---------------+----------------------------------+-----
Fighting       | 1 2 3 4 5 |  5.1
Shields        | 1 2 3 4 5 6 |  6.9
Fire Magic     | 4 5 6 7 8 9 |  9.0
Dodging        | 3 4 5 6 7 |  7.5
Conjurations   | 2 3 4 5 |  5.8
Spellcasting   | 3 4 5 6 |  6.2
Stealth        | |  2.6

Action                   |  1- 3 |  4- 6 |  7- 9 | 10-12 || total
-------------------------+-------+-------+-------+-------++-------
Melee: Unarmed           |    98 |       |       |       ||    98
       Constrict         |    19 |    12 |    34 |    26 ||    91
       Tentacles         |    17 |     6 |    35 |    23 ||    81
       Short sword       |     6 |    55 |   211 |   140 ||   412
 Cast: Flame Tongue      |    16 |    27 |   116 |   148 ||   307
       Conjure Flame     |       |     1 |     9 |    10 ||    20
       Throw Flame       |       |       |     9 |    27 ||    36
       Sticky Flame      |       |       |     8 |    10 ||    18
Evoke: Wand              |       |     2 |       |       ||     2
  Use: Potion            |     1 |       |    11 |     4 ||    16
       Scroll            |     1 |       |    10 |     5 ||    16
 Stab: Sleeping          |    13 |     8 |    15 |     4 ||    40
       Distracted        |       |       |       |     1 ||     1
  Eat: Chunk             |     5 |     6 |    21 |    14 ||    46
       Fruit             |       |       |       |     4 ||     4
Armor: Skin              |    32 |     4 |    37 |    10 ||    83
Dodge: Dodged            |    53 |    26 |   110 |   133 ||   322
Block: Buckler           |    14 |    13 |    53 |    54 ||   134
